Anaheim Ducks vs San Jose Sharks
Created - samedi, 25 avril 2026 at 19:00
Goals
|
| Anaheim Ducks |
2 |
1 |
1 |
4 |
| San Jose Sharks |
1 |
1 |
1 |
3 |
|
Shots
|
| Anaheim Ducks |
6 |
17 |
18 |
41 |
| San Jose Sharks |
12 |
9 |
14 |
35 |
|
1st period
1. San Jose Sharks , Fabian Zetterlund 1 (Marco Rossi 3, Vince Dunn 3) at 7:14
2. Anaheim Ducks , J.T. Miller 2 (Yegor Sharangovich 1, Jackson LaCombe 2) at 7:41
3. Anaheim Ducks , Brendan Gallagher 1 (Ivan Provorov 2) at 11:46
Penalties :
Timo Meier (SJS) for Holding (Minor) at 4:22
2nd period
4. Anaheim Ducks , J.T. Miller 3 (Drake Batherson 2, Ivan Provorov 3) at 0:22
5. San Jose Sharks , Nick Suzuki 1 (Jake Walman 2, Vince Dunn 4) at 6:43
Penalties :
Mario Ferraro (SJS) for Slashing (Minor) at 8:38, Lane Hutson (SJS) for Hooking (Minor) at 15:50
3rd period
6. Anaheim Ducks , Christian Dvorak 1 (Sean Walker 1, Kiefer Sherwood 1) at 0:42
7. San Jose Sharks , Timo Meier 1 (Nick Suzuki 2) at 2:57
Penalties :
Jake Walman (SJS) for Goalie Interference (Minor) at 10:47
Goalie Stats
Frederik Andersen (ANA), 32 saves from 35 shots - (0.914), W, 3-0-0, 60:00 minutes
Dustin Wolf (SJS), 37 saves from 41 shots - (0.902), L, 0-2-1, 59:49 minutes
Players Stats for Anaheim Ducks
Player Name G A P +/- PIM S H SB GA TA FO MP PP MP PK MP
------------------------------------------------------------------------------------
Brendan Gallagher 1 0 1 -1 0 3 0 0 0 0 0/0 8:58 0:00 0:00
Brock Nelson 0 0 0 0 0 2 0 0 0 0 14/25 19:39 3:40 0:00
Cam Fowler 0 0 0 0 0 0 0 0 0 0 0/0 18:40 3:08 0:00
Chandler Stephenson 0 0 0 0 0 4 1 0 0 0 0/0 20:15 4:16 0:00
Christian Dvorak 1 0 1 1 0 2 0 0 0 0 0/0 13:01 0:47 0:00
Connor Zary 0 0 0 -1 0 1 0 0 0 0 4/12 8:58 0:00 0:00
Drake Batherson 0 1 1 1 0 3 0 0 0 0 0/1 19:07 4:04 0:00
Ivan Provorov 0 2 2 2 0 0 1 2 0 0 0/0 25:08 4:48 0:00
J.T. Miller 2 0 2 1 0 4 3 0 0 0 14/25 19:12 4:04 0:00
Jackson LaCombe 0 1 1 2 0 1 2 1 0 0 0/0 24:16 4:01 0:00
Jake Middleton 0 0 0 -1 0 1 1 0 0 0 0/0 17:43 0:00 0:00
Kiefer Sherwood 0 1 1 1 0 6 1 0 0 0 0/1 12:14 0:00 0:00
Nick Paul 0 0 0 1 0 4 0 1 0 0 15/22 16:04 3:05 0:00
Olen Zellweger 0 0 0 0 0 1 0 2 0 0 0/0 17:20 3:08 0:00
Rickard Rakell 0 0 0 0 0 7 3 0 0 0 1/2 19:04 3:40 0:00
Sean Walker 0 1 1 -1 0 1 1 1 0 0 0/0 16:18 0:47 0:00
Steven Lorentz 0 0 0 -1 0 0 1 0 0 0 0/1 8:58 0:00 0:00
Yegor Sharangovich 0 1 1 1 0 1 0 0 0 0 0/1 15:05 0:12 0:00
Players Stats for San Jose Sharks
Player Name G A P +/- PIM S H SB GA TA FO MP PP MP PK MP
------------------------------------------------------------------------------------
Collin Graf 0 0 0 0 0 1 1 1 0 0 0/0 10:50 0:00 0:00
Erik Karlsson 0 0 0 -1 0 0 0 1 0 0 0/0 21:19 0:00 3:48
Evgeni Malkin 0 0 0 0 0 4 0 0 0 0 4/11 10:50 0:00 0:00
Fabian Zetterlund 1 0 1 1 0 5 1 0 0 0 1/1 11:07 0:00 0:00
Filip Chytil 0 0 0 1 0 1 0 1 0 0 0/1 11:07 0:00 0:00
Gustav Forsling 0 0 0 0 0 4 2 1 0 0 0/0 19:12 0:00 1:56
Jake Walman 0 1 1 1 2 0 0 3 0 0 0/0 17:33 0:00 3:06
JJ Peterka 0 0 0 -2 0 4 0 0 0 0 0/0 15:37 0:00 0:00
Lane Hutson 0 0 0 -2 2 0 1 0 0 0 0/0 22:19 0:00 2:30
Luke Kunin 0 0 0 0 0 1 0 0 0 0 2/2 10:50 0:00 0:00
Macklin Celebrini 0 0 0 -2 0 3 1 0 0 0 14/28 19:27 0:00 3:50
Marco Rossi 0 1 1 1 0 3 0 0 0 0 10/18 11:37 0:00 0:00
Mario Ferraro 0 0 0 -1 2 1 3 2 0 0 0/0 16:06 0:00 1:37
Nick Suzuki 1 1 2 0 0 2 1 0 0 0 9/23 18:20 0:00 3:50
Tim Stutzle 0 0 0 0 0 0 1 0 0 0 2/4 18:36 0:00 4:06
Timo Meier 1 0 1 0 2 5 1 0 0 0 0/2 13:59 0:00 0:00
Vince Dunn 0 2 2 1 0 0 1 0 0 0 0/0 23:28 0:00 2:55
William Eklund 0 0 0 -2 0 1 1 0 0 0 0/0 19:43 0:00 4:06
3 Stars
1 - J.T. Miller (ANA)
2 - Ivan Provorov (ANA)
3 - Nick Suzuki (SJS)
Power Play
Anaheim Ducks - 0 on 4 Attempt(s) - 0.00%
San Jose Sharks - 0 on 0 Attempt(s) - 0.00%
Penalty Kill
Anaheim Ducks - 0 on 0 Attempt(s) - 0.00%
- Score 0 goal in Penalty Kill
San Jose Sharks - 4 on 4 Attempt(s) - 100.00%
- Score 0 goal in Penalty Kill
Team Stat
Anaheim Ducks - Hits : 14 - Faceoff Wins : 48 - Blocked Shots : 7 - Penalty Minutes : 0
San Jose Sharks - Hits : 14 - Faceoff Wins : 42 - Blocked Shots : 9 - Penalty Minutes : 8
Official
Referees : Carter Sandlak and Brandon Schrader
Linesman : Julien Fournier and David Brisebois
Game Notes
No Game Note
Finance
Level 1 -- Attendance: 8685 (81.93%) -- Ticket Income $ 1 042 200
Level 2 -- Attendance: 1672 (76.00%) -- Ticket Income $ 167 200
Level 3 -- Attendance: 2727 (73.70%) -- Ticket Income $ 190 890
Level 4 -- Attendance: 1343 (92.62%) -- Ticket Income $ 56 406
Luxury Box -- Attendance: 46 (92.00%) -- Ticket Income $ 11 500
Game was played at the SAP Center.
Total Attendance: 14473 (80.41%)
Total Ticket Income: $ 1 468 196
Total Income: $ 1 468 196
Anaheim Ducks
5 vs 5 Forward
Center Left Wing Right Wing Time % Phy DF OF
1 J.T. Miller Drake Batherson Yegor Sharangovich 30 1 2 2
2 Brock Nelson Chandler Stephenson Rickard Rakell 30 1 2 2
3 Nick Paul Christian Dvorak Kiefer Sherwood 25 1 2 2
4 Connor Zary Steven Lorentz Brendan Gallagher 15 1 2 2
5 vs 5 Defense
Defense Defense Time % Phy DF OF
1 Ivan Provorov Jackson LaCombe 30 1 2 2
2 Cam Fowler Jake Middleton 30 1 2 2
3 Olen Zellweger Sean Walker 25 1 2 2
4 Jackson LaCombe Ivan Provorov 15 1 2 2
PowerPlay Forward
Center Left Wing Right Wing Time % Phy DF OF
1 J.T. Miller Drake Batherson Chandler Stephenson 50 1 2 2
2 Brock Nelson Nick Paul Rickard Rakell 50 1 2 2
PowerPlay Defense
Defense Defense Time % Phy DF OF
1 Jackson LaCombe Ivan Provorov 50 1 2 2
2 Cam Fowler Olen Zellweger 50 1 2 2
Penalty Kill 4 Players Forward
Center Wing Time % Phy DF OF
1 Nick Paul Kiefer Sherwood 50 1 2 2
2 Christian Dvorak Yegor Sharangovich 50 1 2 2
Penalty Kill 4 Players Defense
Defense Defense Time % Phy DF OF
1 Jackson LaCombe Ivan Provorov 50 1 2 2
2 Cam Fowler Jake Middleton 50 1 2 2
Penalty Kill - 3 Players Forward
Forward Time % Phy DF OF
1 Nick Paul 50 1 2 2
2 Christian Dvorak 50 1 2 2
Penalty Kill - 3 Players Defense
Defense Defense Time % Phy DF OF
1 Jackson LaCombe Ivan Provorov 50 1 2 2
2 Cam Fowler Jake Middleton 50 1 2 2
4 vs 4 Forward
Center Wing Time % Phy DF OF
1 Brock Nelson Drake Batherson 50 1 2 2
2 J.T. Miller Rickard Rakell 50 1 2 2
4 vs 4 Defense
Defense Defense Time % Phy DF OF
1 Jackson LaCombe Ivan Provorov 50 1 2 2
2 Cam Fowler Jake Middleton 50 1 2 2
Last Minutes Offensive
Center Left Wing Right Wing Defense Defense
J.T. Miller Brock Nelson Drake Batherson Ivan Provorov Jackson LaCombe
Last Minutes Defensive
Center Left Wing Right Wing Defense Defense
J.T. Miller Chandler Stephenson Brock Nelson Ivan Provorov Jackson LaCombe
Goaltenders
Starting : Frederik Andersen
Backup : Alex Nedeljkovic
Extra Forwards
Normal : Brock Nelson, Drake Batherson, Nick Paul - PP : Christian Dvorak, Yegor Sharangovich - PK : Connor Zary
Extra Defensemen
Normal : Jackson LaCombe, Sean Walker, Cam Fowler - PP : Sean Walker - PK : Sean Walker, Olen Zellweger
Penalty Shots
Brock Nelson, J.T. Miller, Nick Paul, Chandler Stephenson, Drake Batherson
Custom OT Lines Forwards
Brock Nelson, J.T. Miller, Drake Batherson, Chandler Stephenson, Kiefer Sherwood, Yegor Sharangovich, Nick Paul, Rickard Rakell, Christian Dvorak, Connor Zary
Custom OT Lines Defensemen
Jackson LaCombe, Ivan Provorov, Cam Fowler, Jake Middleton, Sean Walker
Scratches
Matt Grzelcyk (Healthy), Ryan Shea (Healthy), Marcus Hogberg (Healthy)
San Jose Sharks
5 vs 5 Forward
Center Left Wing Right Wing Time % Phy DF OF
1 Nick Suzuki Timo Meier Tim Stutzle 28 1 2 2
2 Macklin Celebrini William Eklund JJ Peterka 28 1 2 2
3 Marco Rossi Fabian Zetterlund Filip Chytil 22 1 2 2
4 Evgeni Malkin Collin Graf Luke Kunin 22 2 2 1
5 vs 5 Defense
Defense Defense Time % Phy DF OF
1 Gustav Forsling Erik Karlsson 30 1 2 2
2 Jake Walman Vince Dunn 30 1 2 2
3 Lane Hutson Mario Ferraro 25 1 2 2
4 Vince Dunn Lane Hutson 15 1 2 2
PowerPlay Forward
Center Left Wing Right Wing Time % Phy DF OF
1 Nick Suzuki Macklin Celebrini Tim Stutzle 50 0 1 4
2 Marco Rossi JJ Peterka William Eklund 50 0 1 4
PowerPlay Defense
Defense Defense Time % Phy DF OF
1 Mario Ferraro Lane Hutson 50 0 1 4
2 Erik Karlsson Jake Walman 50 0 1 4
Penalty Kill 4 Players Forward
Center Wing Time % Phy DF OF
1 Nick Suzuki Macklin Celebrini 50 1 4 0
2 Tim Stutzle William Eklund 50 1 4 0
Penalty Kill 4 Players Defense
Defense Defense Time % Phy DF OF
1 Erik Karlsson Mario Ferraro 50 2 3 0
2 Jake Walman Lane Hutson 50 2 3 0
Penalty Kill - 3 Players Forward
Forward Time % Phy DF OF
1 William Eklund 50 1 4 0
2 Macklin Celebrini 50 1 4 0
Penalty Kill - 3 Players Defense
Defense Defense Time % Phy DF OF
1 Gustav Forsling Mario Ferraro 50 1 4 0
2 Jake Walman Lane Hutson 50 1 4 0
4 vs 4 Forward
Center Wing Time % Phy DF OF
1 Tim Stutzle Nick Suzuki 50 0 2 3
2 Macklin Celebrini William Eklund 50 0 2 3
4 vs 4 Defense
Defense Defense Time % Phy DF OF
1 Erik Karlsson Mario Ferraro 50 0 2 3
2 Jake Walman Lane Hutson 50 0 2 3
Last Minutes Offensive
Center Left Wing Right Wing Defense Defense
Nick Suzuki Macklin Celebrini Tim Stutzle Erik Karlsson Lane Hutson
Last Minutes Defensive
Center Left Wing Right Wing Defense Defense
Nick Suzuki William Eklund Tim Stutzle Gustav Forsling Mario Ferraro
Goaltenders
Starting : Dustin Wolf
Backup : Mackenzie Blackwood
Extra Forwards
Normal : Macklin Celebrini, Marco Rossi, Fabian Zetterlund - PP : Evgeni Malkin, Macklin Celebrini - PK : Luke Kunin
Extra Defensemen
Normal : Mario Ferraro, Lane Hutson, Jake Walman - PP : Erik Karlsson - PK : Jake Walman, Lane Hutson
Penalty Shots
Fabian Zetterlund, Nick Suzuki, William Eklund, Macklin Celebrini, Evgeni Malkin
Custom OT Lines Forwards
Nick Suzuki, Tim Stutzle, JJ Peterka, Macklin Celebrini, Marco Rossi, William Eklund, Timo Meier, Evgeni Malkin, Fabian Zetterlund, Luke Kunin
Custom OT Lines Defensemen
Gustav Forsling, Lane Hutson, Erik Karlsson, Jake Walman, Mario Ferraro
Scratches
Petr Mrazek (Healthy)
% Time on Ice - Anaheim Ducks
Lines # - Real PCT - Wanted PCT - Time Play
Normal Forward
1 - 29% - 30% - 14:53
2 - 30% - 30% - 15:24
3 - 24% - 25% - 12:14
4 - 17% - 15% - 8:58
Normal Defense
1 - 28% - 30% - 14:28
2 - 33% - 30% - 17:14
3 - 27% - 25% - 14:00
4 - 11% - 15% - 5:47
PP Forward
1 - 54% - 50% - 4:16
2 - 46% - 50% - 3:40
PP Defense
1 - 61% - 50% - 4:48
2 - 39% - 50% - 3:08
PK Forward
1 - 0% - 50%
2 - 0% - 50%
PK Defense
1 - 0% - 50%
2 - 0% - 50%
PK3 Forward
1 - 0% - 50%
2 - 0% - 50%
PK3 Defense
1 - 0% - 50%
2 - 0% - 50%
44 Forward
1 - 0% - 50%
2 - 0% - 50%
44 Defense
1 - 0% - 50%
2 - 0% - 50%
Last Minute Offensive - 0:00
Last Minute Defensive - 0:35
Total
Forward - 60:00
Defense - 60:00
|
% Time on Ice - San Jose Sharks
Lines # - Real PCT - Wanted PCT - Time Play
Normal Forward
1 - 27% - 28% - 14:00
2 - 30% - 28% - 15:37
3 - 22% - 22% - 11:07
4 - 21% - 22% - 10:50
Normal Defense
1 - 33% - 30% - 17:01
2 - 27% - 30% - 14:07
3 - 27% - 25% - 13:57
4 - 13% - 15% - 6:29
PP Forward
1 - 0% - 50%
2 - 0% - 50%
PP Defense
1 - 0% - 50%
2 - 0% - 50%
PK Forward
1 - 48% - 50% - 3:50
2 - 52% - 50% - 4:06
PK Defense
1 - 41% - 50% - 3:13
2 - 59% - 50% - 4:43
PK3 Forward
1 - 0% - 50%
2 - 0% - 50%
PK3 Defense
1 - 0% - 50%
2 - 0% - 50%
44 Forward
1 - 0% - 50%
2 - 0% - 50%
44 Defense
1 - 0% - 50%
2 - 0% - 50%
Last Minute Offensive - 0:30
Last Minute Defensive - 0:00
Total
Forward - 60:00
Defense - 60:00
|
Play-by-Play
1st period
0:01 of 1st period - Nick Suzuki wins face-off versus J.T. Miller in neutral zone.
0:07 of 1st period - Icing by Ivan Provorov.
0:08 of 1st period - Macklin Celebrini wins face-off versus J.T. Miller in Anaheim Ducks zone.
0:09 of 1st period - Shot by William Eklund.
0:09 of 1st period - Shot Misses the Net.
0:23 of 1st period - Shot by Drake Batherson.
0:23 of 1st period - Shot Misses the Net.
0:40 of 1st period - JJ Peterka is hit by Jackson LaCombe and loses puck.
0:51 of 1st period - Macklin Celebrini is hit by J.T. Miller and loses puck.
1:15 of 1st period - Shot by Rickard Rakell.
1:15 of 1st period - Stopped by Dustin Wolf without a rebound.
1:16 of 1st period - Nick Paul wins face-off versus Filip Chytil in San Jose Sharks zone.
1:27 of 1st period - Shot by Marco Rossi.
1:27 of 1st period - Shot Blocked by Olen Zellweger.
2:36 of 1st period - Off-side.
2:37 of 1st period - Connor Zary wins face-off versus Nick Suzuki in neutral zone.
2:41 of 1st period - Ivan Provorov is hit by Vince Dunn.
2:48 of 1st period - Icing by Jackson LaCombe.
2:49 of 1st period - Nick Suzuki wins face-off versus Connor Zary in Anaheim Ducks zone.
3:13 of 1st period - Shot by Nick Suzuki.
3:13 of 1st period - Shot Misses the Net.
3:18 of 1st period - Icing by Jackson LaCombe.
3:19 of 1st period - Marco Rossi wins face-off versus Connor Zary in Anaheim Ducks zone.
3:39 of 1st period - Icing by Fabian Zetterlund.
3:40 of 1st period - J.T. Miller wins face-off versus Marco Rossi in San Jose Sharks zone.
3:53 of 1st period - Shot by Drake Batherson.
3:53 of 1st period - Stopped by Dustin Wolf without a rebound.
3:54 of 1st period - Brock Nelson wins face-off versus Nick Suzuki in San Jose Sharks zone.
4:03 of 1st period - Shot by Rickard Rakell.
4:03 of 1st period - Stopped by Dustin Wolf without a rebound.
4:04 of 1st period - J.T. Miller wins face-off versus Evgeni Malkin in San Jose Sharks zone.
4:04 of 1st period - Drake Batherson is hit by Gustav Forsling and loses puck.
4:19 of 1st period - Shot by Evgeni Malkin.
4:19 of 1st period - Deflect By Collin Graf.
4:19 of 1st period - Stopped by Frederik Andersen without a rebound.
4:20 of 1st period - Brock Nelson wins face-off versus Nick Suzuki in Anaheim Ducks zone.
4:22 of 1st period - Minor Penalty to Timo Meier for Holding.
4:23 of 1st period - J.T. Miller wins face-off versus Nick Suzuki in San Jose Sharks zone.
4:33 of 1st period - Shot by Chandler Stephenson.
4:33 of 1st period - Deflect By Drake Batherson.
4:33 of 1st period - Shot Misses the Net.
5:51 of 1st period - Shot by Rickard Rakell.
5:51 of 1st period - Deflect By Nick Paul.
5:51 of 1st period - Shot Blocked by Mario Ferraro.
7:02 of 1st period - Shot by Filip Chytil.
7:02 of 1st period - Stopped by Frederik Andersen with a rebound.
7:04 of 1st period - Shot by Vince Dunn.
7:04 of 1st period - Shot Misses the Net.
7:06 of 1st period - Shot by Gustav Forsling.
7:06 of 1st period - Shot Misses the Net.
7:14 of 1st period - Shot by Fabian Zetterlund.
7:14 of 1st period - Goal by Fabian Zetterlund - Anaheim Ducks : 0 - San Jose Sharks : 1.
7:15 of 1st period - Nick Suzuki wins face-off versus J.T. Miller in neutral zone.
7:39 of 1st period - Shot by Yegor Sharangovich.
7:39 of 1st period - Shot Misses the Net.
7:41 of 1st period - Shot by J.T. Miller.
7:41 of 1st period - Goal by J.T. Miller - Anaheim Ducks : 1 - San Jose Sharks : 1.
7:42 of 1st period - Brock Nelson wins face-off versus Macklin Celebrini in neutral zone.
9:13 of 1st period - Shot by Evgeni Malkin.
9:13 of 1st period - Stopped by Frederik Andersen without a rebound.
9:14 of 1st period - Connor Zary wins face-off versus Nick Suzuki in Anaheim Ducks zone.
9:14 of 1st period - Steven Lorentz is hit by Nick Suzuki and loses puck.
9:23 of 1st period - Shot by Timo Meier.
9:23 of 1st period - Stopped by Frederik Andersen without a rebound.
9:24 of 1st period - Brock Nelson wins face-off versus Marco Rossi in Anaheim Ducks zone.
9:31 of 1st period - Cam Fowler is hit by Fabian Zetterlund and loses puck.
9:42 of 1st period - Shot by Marco Rossi.
9:42 of 1st period - Stopped by Frederik Andersen with a rebound.
9:46 of 1st period - Shot by Marco Rossi.
9:46 of 1st period - Stopped by Frederik Andersen with a rebound.
9:48 of 1st period - Shot by Fabian Zetterlund.
9:48 of 1st period - Stopped by Frederik Andersen with a rebound.
9:50 of 1st period - Shot by Gustav Forsling.
9:50 of 1st period - Shot Misses the Net.
11:17 of 1st period - Jake Walman is hit by J.T. Miller and loses puck.
11:35 of 1st period - Off-side.
11:36 of 1st period - Connor Zary wins face-off versus Macklin Celebrini in neutral zone.
11:46 of 1st period - Shot by Brendan Gallagher.
11:46 of 1st period - Goal by Brendan Gallagher - Anaheim Ducks : 2 - San Jose Sharks : 1.
11:47 of 1st period - Marco Rossi wins face-off versus Brock Nelson in neutral zone.
12:02 of 1st period - Shot by Filip Chytil.
12:02 of 1st period - Shot Misses the Net.
12:32 of 1st period - Shot by Kiefer Sherwood.
12:32 of 1st period - Shot Blocked by Gustav Forsling.
12:36 of 1st period - Shot by Kiefer Sherwood.
12:36 of 1st period - Shot Misses the Net.
13:20 of 1st period - Shot by Tim Stutzle.
13:20 of 1st period - Shot Misses the Net.
13:22 of 1st period - Shot by Timo Meier.
13:22 of 1st period - Stopped by Frederik Andersen without a rebound.
13:23 of 1st period - Brock Nelson wins face-off versus Macklin Celebrini in Anaheim Ducks zone.
14:13 of 1st period - Lane Hutson is hit by Sean Walker.
14:23 of 1st period - Shot by Drake Batherson.
14:23 of 1st period - Shot Misses the Net.
14:25 of 1st period - Shot by Olen Zellweger.
14:25 of 1st period - Shot Misses the Net.
14:53 of 1st period - Shot by Timo Meier.
14:53 of 1st period - Stopped by Frederik Andersen without a rebound.
14:54 of 1st period - Nick Paul wins face-off versus Evgeni Malkin in Anaheim Ducks zone.
15:50 of 1st period - Connor Zary is hit by Tim Stutzle and loses puck.
16:30 of 1st period - Shot by William Eklund.
16:30 of 1st period - Shot Misses the Net.
16:32 of 1st period - Shot by Mario Ferraro.
16:32 of 1st period - Stopped by Frederik Andersen without a rebound.
16:33 of 1st period - Fabian Zetterlund wins face-off versus Brock Nelson in Anaheim Ducks zone.
16:56 of 1st period - Icing by Lane Hutson.
16:57 of 1st period - J.T. Miller wins face-off versus Marco Rossi in San Jose Sharks zone.
17:40 of 1st period - Shot by JJ Peterka.
17:40 of 1st period - Shot Misses the Net.
17:42 of 1st period - Shot by Gustav Forsling.
17:42 of 1st period - Shot Hit the Post.
17:44 of 1st period - Shot by William Eklund.
17:44 of 1st period - Stopped by Frederik Andersen without a rebound.
17:45 of 1st period - Brock Nelson wins face-off versus Timo Meier in Anaheim Ducks zone.
17:49 of 1st period - Off-side.
17:50 of 1st period - Nick Paul wins face-off versus Nick Suzuki in neutral zone.
18:13 of 1st period - Shot by Nick Paul.
18:13 of 1st period - Stopped by Dustin Wolf with a rebound.
19:28 of 1st period - Lane Hutson is hit by Jackson LaCombe and loses puck.
19:41 of 1st period - Shot by William Eklund.
19:41 of 1st period - Shot Misses the Net.
19:43 of 1st period - Shot by Mario Ferraro.
19:43 of 1st period - Shot Blocked by Ivan Provorov.
Goals for this period are 2 for Anaheim Ducks vs 1 for San Jose Sharks.
Shots for this period are 6 for Anaheim Ducks vs 12 for San Jose Sharks.
2nd period
0:01 of 2nd period - Nick Paul wins face-off versus Evgeni Malkin in neutral zone.
0:06 of 2nd period - Shot by Kiefer Sherwood.
0:06 of 2nd period - Stopped by Dustin Wolf without a rebound.
0:07 of 2nd period - Macklin Celebrini wins face-off versus J.T. Miller in San Jose Sharks zone.
0:22 of 2nd period - Shot by J.T. Miller.
0:22 of 2nd period - Goal by J.T. Miller - Anaheim Ducks : 3 - San Jose Sharks : 1.
0:23 of 2nd period - Luke Kunin wins face-off versus Brock Nelson in neutral zone.
0:34 of 2nd period - Shot by Evgeni Malkin.
0:34 of 2nd period - Shot Misses the Net.
0:48 of 2nd period - Shot by Gustav Forsling.
0:48 of 2nd period - Stopped by Frederik Andersen with a rebound.
0:50 of 2nd period - Shot by Collin Graf.
0:50 of 2nd period - Shot Blocked by Olen Zellweger.
0:52 of 2nd period - Shot by Gustav Forsling.
0:52 of 2nd period - Stopped by Frederik Andersen without a rebound.
0:53 of 2nd period - Nick Paul wins face-off versus Macklin Celebrini in Anaheim Ducks zone.
0:53 of 2nd period - Nick Paul is hit by William Eklund.
1:15 of 2nd period - Shot by Nick Paul.
1:15 of 2nd period - Stopped by Dustin Wolf without a rebound.
1:16 of 2nd period - J.T. Miller wins face-off versus Tim Stutzle in San Jose Sharks zone.
1:21 of 2nd period - Shot by J.T. Miller.
1:21 of 2nd period - Shot Misses the Net.
1:23 of 2nd period - Shot by Jake Middleton.
1:23 of 2nd period - Stopped by Dustin Wolf with a rebound.
1:25 of 2nd period - Shot by Drake Batherson.
1:25 of 2nd period - Shot Misses the Net.
1:27 of 2nd period - Shot by J.T. Miller.
1:27 of 2nd period - Stopped by Dustin Wolf without a rebound.
1:28 of 2nd period - Brock Nelson wins face-off versus Marco Rossi in San Jose Sharks zone.
1:28 of 2nd period - Jackson LaCombe is hit by Mario Ferraro and loses puck.
1:37 of 2nd period - Shot by Brock Nelson.
1:37 of 2nd period - Deflect By Rickard Rakell.
1:37 of 2nd period - Stopped by Dustin Wolf without a rebound.
1:38 of 2nd period - J.T. Miller wins face-off versus Evgeni Malkin in San Jose Sharks zone.
2:04 of 2nd period - Shot by Collin Graf.
2:04 of 2nd period - Shot Blocked by Sean Walker.
2:51 of 2nd period - Shot by JJ Peterka.
2:51 of 2nd period - Stopped by Frederik Andersen without a rebound.
2:52 of 2nd period - Nick Paul wins face-off versus Nick Suzuki in Anaheim Ducks zone.
3:11 of 2nd period - Shot by Kiefer Sherwood.
3:11 of 2nd period - Shot Blocked by Erik Karlsson.
3:19 of 2nd period - Christian Dvorak is hit by Timo Meier and loses puck.
4:07 of 2nd period - Shot by Rickard Rakell.
4:07 of 2nd period - Shot Misses the Net.
5:27 of 2nd period - Shot by Rickard Rakell.
5:27 of 2nd period - Stopped by Dustin Wolf without a rebound.
5:28 of 2nd period - Macklin Celebrini wins face-off versus Nick Paul in San Jose Sharks zone.
6:27 of 2nd period - Shot by Connor Zary.
6:27 of 2nd period - Deflect By Brendan Gallagher.
6:27 of 2nd period - Shot Blocked by Jake Walman.
6:43 of 2nd period - Shot by Nick Suzuki.
6:43 of 2nd period - Goal by Nick Suzuki - Anaheim Ducks : 3 - San Jose Sharks : 2.
6:44 of 2nd period - Brock Nelson wins face-off versus Marco Rossi in neutral zone.
6:48 of 2nd period - Off-side.
6:49 of 2nd period - Rickard Rakell wins face-off versus Marco Rossi in neutral zone.
6:56 of 2nd period - Shot by Brock Nelson.
6:56 of 2nd period - Shot Misses the Net.
7:02 of 2nd period - Shot by Brock Nelson.
7:02 of 2nd period - Shot Misses the Net.
7:04 of 2nd period - Shot by Rickard Rakell.
7:04 of 2nd period - Shot Misses the Net.
7:32 of 2nd period - Shot by Drake Batherson.
7:32 of 2nd period - Deflect By Kiefer Sherwood.
7:32 of 2nd period - Stopped by Dustin Wolf without a rebound.
7:33 of 2nd period - Macklin Celebrini wins face-off versus Connor Zary in San Jose Sharks zone.
7:33 of 2nd period - Macklin Celebrini is hit by Steven Lorentz.
7:39 of 2nd period - Shot by JJ Peterka.
7:39 of 2nd period - Deflect By Macklin Celebrini.
7:39 of 2nd period - Shot Misses the Net.
7:41 of 2nd period - Shot by Macklin Celebrini.
7:41 of 2nd period - Stopped by Frederik Andersen without a rebound.
7:42 of 2nd period - J.T. Miller wins face-off versus Nick Suzuki in Anaheim Ducks zone.
8:31 of 2nd period - Icing by JJ Peterka.
8:32 of 2nd period - Macklin Celebrini wins face-off versus Nick Paul in San Jose Sharks zone.
8:38 of 2nd period - Minor Penalty to Mario Ferraro for Slashing.
8:39 of 2nd period - Brock Nelson wins face-off versus Tim Stutzle in San Jose Sharks zone.
10:10 of 2nd period - Shot by Rickard Rakell.
10:10 of 2nd period - Stopped by Dustin Wolf with a rebound.
10:12 of 2nd period - Shot by Ivan Provorov.
10:12 of 2nd period - Shot Misses the Net.
10:14 of 2nd period - Shot by Rickard Rakell.
10:14 of 2nd period - Shot Misses the Net.
10:16 of 2nd period - Shot by Sean Walker.
10:16 of 2nd period - Shot Misses the Net.
10:18 of 2nd period - Shot by Sean Walker.
10:18 of 2nd period - Shot Misses the Net.
10:20 of 2nd period - Shot by Sean Walker.
10:20 of 2nd period - Stopped by Dustin Wolf with a rebound.
11:18 of 2nd period - Off-side.
11:19 of 2nd period - Marco Rossi wins face-off versus Yegor Sharangovich in neutral zone.
11:46 of 2nd period - Shot by Fabian Zetterlund.
11:46 of 2nd period - Shot Blocked by Jackson LaCombe.
11:48 of 2nd period - Shot by Fabian Zetterlund.
11:48 of 2nd period - Stopped by Frederik Andersen without a rebound.
11:49 of 2nd period - Macklin Celebrini wins face-off versus Kiefer Sherwood in Anaheim Ducks zone.
11:54 of 2nd period - Shot by Macklin Celebrini.
11:54 of 2nd period - Shot Blocked by Ivan Provorov.
12:12 of 2nd period - Shot by Nick Paul.
12:12 of 2nd period - Shot Misses the Net.
12:15 of 2nd period - Icing by Lane Hutson.
12:16 of 2nd period - Macklin Celebrini wins face-off versus Brock Nelson in San Jose Sharks zone.
12:16 of 2nd period - Macklin Celebrini is hit by Chandler Stephenson.
12:44 of 2nd period - Shot by Rickard Rakell.
12:44 of 2nd period - Stopped by Dustin Wolf without a rebound.
12:45 of 2nd period - Nick Suzuki wins face-off versus Connor Zary in San Jose Sharks zone.
12:58 of 2nd period - Shot by Tim Stutzle.
12:58 of 2nd period - Deflect By Timo Meier.
12:58 of 2nd period - Stopped by Frederik Andersen without a rebound.
12:59 of 2nd period - Nick Paul wins face-off versus Evgeni Malkin in Anaheim Ducks zone.
13:24 of 2nd period - Shot by Evgeni Malkin.
13:24 of 2nd period - Shot Blocked by Nick Paul.
13:26 of 2nd period - Shot by Gustav Forsling.
13:26 of 2nd period - Shot Misses the Net.
13:28 of 2nd period - Shot by Gustav Forsling.
13:28 of 2nd period - Stopped by Frederik Andersen without a rebound.
13:29 of 2nd period - Brock Nelson wins face-off versus Nick Suzuki in Anaheim Ducks zone.
13:38 of 2nd period - Shot by Rickard Rakell.
13:38 of 2nd period - Shot Misses the Net.
13:40 of 2nd period - Shot by Chandler Stephenson.
13:40 of 2nd period - Deflect By Brock Nelson.
13:40 of 2nd period - Stopped by Dustin Wolf with a rebound.
13:46 of 2nd period - Shot by Rickard Rakell.
13:46 of 2nd period - Shot Misses the Net.
13:48 of 2nd period - Shot by Chandler Stephenson.
13:48 of 2nd period - Stopped by Dustin Wolf without a rebound.
13:49 of 2nd period - Marco Rossi wins face-off versus J.T. Miller in San Jose Sharks zone.
14:00 of 2nd period - Shot by Marco Rossi.
14:00 of 2nd period - Shot Misses the Net.
14:08 of 2nd period - Shot by J.T. Miller.
14:08 of 2nd period - Shot Misses the Net.
14:44 of 2nd period - Jake Walman is hit by Rickard Rakell and loses puck.
15:14 of 2nd period - Icing by Jake Walman.
15:15 of 2nd period - Nick Suzuki wins face-off versus Nick Paul in San Jose Sharks zone.
15:21 of 2nd period - Shot by Kiefer Sherwood.
15:21 of 2nd period - Stopped by Dustin Wolf without a rebound.
15:22 of 2nd period - Macklin Celebrini wins face-off versus Connor Zary in San Jose Sharks zone.
15:33 of 2nd period - Shot by Brendan Gallagher.
15:33 of 2nd period - Stopped by Dustin Wolf without a rebound.
15:34 of 2nd period - Nick Paul wins face-off versus Evgeni Malkin in San Jose Sharks zone.
15:34 of 2nd period - Kiefer Sherwood is hit by Mario Ferraro and loses puck.
15:45 of 2nd period - Shot by Jackson LaCombe.
15:45 of 2nd period - Shot Blocked by Mario Ferraro.
15:50 of 2nd period - Minor Penalty to Lane Hutson for Hooking.
15:51 of 2nd period - Macklin Celebrini wins face-off versus Drake Batherson in San Jose Sharks zone.
16:46 of 2nd period - Shot by Nick Paul.
16:46 of 2nd period - Stopped by Dustin Wolf without a rebound.
16:47 of 2nd period - Tim Stutzle wins face-off versus Brock Nelson in San Jose Sharks zone.
16:47 of 2nd period - William Eklund is hit by Rickard Rakell and loses puck.
17:30 of 2nd period - Shot by Gustav Forsling.
17:30 of 2nd period - Stopped by Frederik Andersen without a rebound.
17:31 of 2nd period - J.T. Miller wins face-off versus Nick Suzuki in Anaheim Ducks zone.
17:53 of 2nd period - Icing by Connor Zary.
17:54 of 2nd period - Evgeni Malkin wins face-off versus Connor Zary in Anaheim Ducks zone.
18:21 of 2nd period - Shot by Connor Zary.
18:21 of 2nd period - Shot Blocked by Collin Graf.
18:57 of 2nd period - Shot by Chandler Stephenson.
18:57 of 2nd period - Shot Blocked by Filip Chytil.
19:38 of 2nd period - Shot by Nick Paul.
19:38 of 2nd period - Stopped by Dustin Wolf without a rebound.
19:39 of 2nd period - Nick Suzuki wins face-off versus J.T. Miller in San Jose Sharks zone.
Goals for this period are 1 for Anaheim Ducks vs 1 for San Jose Sharks.
Shots for this period are 17 for Anaheim Ducks vs 9 for San Jose Sharks.
3rd period
0:01 of 3rd period - Brock Nelson wins face-off versus Macklin Celebrini in neutral zone.
0:10 of 3rd period - Shot by Chandler Stephenson.
0:10 of 3rd period - Shot Misses the Net.
0:12 of 3rd period - Shot by Chandler Stephenson.
0:12 of 3rd period - Stopped by Dustin Wolf with a rebound.
0:32 of 3rd period - Shot by Rickard Rakell.
0:32 of 3rd period - Shot Misses the Net.
0:34 of 3rd period - Shot by Chandler Stephenson.
0:34 of 3rd period - Stopped by Dustin Wolf without a rebound.
0:35 of 3rd period - Nick Paul wins face-off versus Nick Suzuki in San Jose Sharks zone.
0:38 of 3rd period - Shot by Christian Dvorak.
0:38 of 3rd period - Shot Hit the Post.
0:40 of 3rd period - Shot by Sean Walker.
0:40 of 3rd period - Shot Misses the Net.
0:42 of 3rd period - Shot by Christian Dvorak.
0:42 of 3rd period - Goal by Christian Dvorak - Anaheim Ducks : 4 - San Jose Sharks : 2.
0:43 of 3rd period - J.T. Miller wins face-off versus Evgeni Malkin in neutral zone.
1:06 of 3rd period - Shot by Yegor Sharangovich.
1:06 of 3rd period - Shot Misses the Net.
1:08 of 3rd period - Shot by J.T. Miller.
1:08 of 3rd period - Stopped by Dustin Wolf without a rebound.
1:09 of 3rd period - Nick Paul wins face-off versus Macklin Celebrini in San Jose Sharks zone.
1:10 of 3rd period - Shot by Christian Dvorak.
1:10 of 3rd period - Stopped by Dustin Wolf without a rebound.
1:11 of 3rd period - Nick Paul wins face-off versus Macklin Celebrini in San Jose Sharks zone.
1:23 of 3rd period - Icing by JJ Peterka.
1:24 of 3rd period - Macklin Celebrini wins face-off versus Brock Nelson in San Jose Sharks zone.
1:26 of 3rd period - Icing by William Eklund.
1:27 of 3rd period - Brock Nelson wins face-off versus Macklin Celebrini in San Jose Sharks zone.
1:35 of 3rd period - Icing by Jake Walman.
1:36 of 3rd period - Nick Paul wins face-off versus Macklin Celebrini in San Jose Sharks zone.
1:47 of 3rd period - Shot by Kiefer Sherwood.
1:47 of 3rd period - Stopped by Dustin Wolf without a rebound.
1:48 of 3rd period - Brock Nelson wins face-off versus Nick Suzuki in San Jose Sharks zone.
1:55 of 3rd period - Shot by Rickard Rakell.
1:55 of 3rd period - Stopped by Dustin Wolf without a rebound.
1:56 of 3rd period - Macklin Celebrini wins face-off versus Nick Paul in San Jose Sharks zone.
1:56 of 3rd period - Macklin Celebrini is hit by Kiefer Sherwood.
2:57 of 3rd period - Shot by Nick Suzuki.
2:57 of 3rd period - Deflect By Timo Meier.
2:57 of 3rd period - Goal by Timo Meier - Anaheim Ducks : 4 - San Jose Sharks : 3.
2:58 of 3rd period - Marco Rossi wins face-off versus Brock Nelson in neutral zone.
4:18 of 3rd period - Shot by Drake Batherson.
4:18 of 3rd period - Shot Hit the Post.
5:22 of 3rd period - Shot by Macklin Celebrini.
5:22 of 3rd period - Deflect By JJ Peterka.
5:22 of 3rd period - Shot Misses the Net.
6:08 of 3rd period - Icing by Gustav Forsling.
6:09 of 3rd period - Luke Kunin wins face-off versus J.T. Miller in San Jose Sharks zone.
6:24 of 3rd period - Off-side.
6:25 of 3rd period - Marco Rossi wins face-off versus Brock Nelson in neutral zone.
6:52 of 3rd period - Jake Walman is hit by Ivan Provorov.
7:10 of 3rd period - Shot by Macklin Celebrini.
7:10 of 3rd period - Stopped by Frederik Andersen without a rebound.
7:11 of 3rd period - J.T. Miller wins face-off versus Timo Meier in Anaheim Ducks zone.
7:24 of 3rd period - Shot by Drake Batherson.
7:24 of 3rd period - Stopped by Dustin Wolf without a rebound.
7:25 of 3rd period - Nick Paul wins face-off versus Macklin Celebrini in San Jose Sharks zone.
7:29 of 3rd period - Icing by Lane Hutson.
7:30 of 3rd period - J.T. Miller wins face-off versus Macklin Celebrini in San Jose Sharks zone.
7:37 of 3rd period - Shot by Drake Batherson.
7:37 of 3rd period - Stopped by Dustin Wolf with a rebound.
7:44 of 3rd period - Off-side.
7:45 of 3rd period - Nick Paul wins face-off versus Nick Suzuki in neutral zone.
7:59 of 3rd period - Kiefer Sherwood is hit by Gustav Forsling and loses puck.
8:40 of 3rd period - Cam Fowler is hit by Collin Graf and loses puck.
8:47 of 3rd period - Shot by Evgeni Malkin.
8:47 of 3rd period - Stopped by Frederik Andersen without a rebound.
8:48 of 3rd period - J.T. Miller wins face-off versus Macklin Celebrini in Anaheim Ducks zone.
8:48 of 3rd period - J.T. Miller is hit by Macklin Celebrini.
8:56 of 3rd period - Shot by Macklin Celebrini.
8:56 of 3rd period - Shot Misses the Net.
9:06 of 3rd period - Shot by Drake Batherson.
9:06 of 3rd period - Shot Misses the Net.
9:32 of 3rd period - Jackson LaCombe is hit by Mario Ferraro and loses puck.
10:11 of 3rd period - Shot by Rickard Rakell.
10:11 of 3rd period - Shot Misses the Net.
10:14 of 3rd period - Icing by Mario Ferraro.
10:15 of 3rd period - Evgeni Malkin wins face-off versus Connor Zary in San Jose Sharks zone.
10:36 of 3rd period - Shot by Brendan Gallagher.
10:36 of 3rd period - Stopped by Dustin Wolf without a rebound.
10:37 of 3rd period - Brock Nelson wins face-off versus Marco Rossi in San Jose Sharks zone.
10:40 of 3rd period - Shot by Brock Nelson.
10:40 of 3rd period - Deflect By Rickard Rakell.
10:40 of 3rd period - Shot Blocked by Jake Walman.
10:46 of 3rd period - Shot by Rickard Rakell.
10:46 of 3rd period - Shot Blocked by Jake Walman.
10:47 of 3rd period - Minor Penalty to Jake Walman for Goalie Interference.
10:48 of 3rd period - J.T. Miller wins face-off versus Nick Suzuki in San Jose Sharks zone.
11:12 of 3rd period - Shot by Ivan Provorov.
11:12 of 3rd period - Shot Misses the Net.
11:14 of 3rd period - Shot by J.T. Miller.
11:14 of 3rd period - Shot Misses the Net.
11:16 of 3rd period - Shot by Jackson LaCombe.
11:16 of 3rd period - Stopped by Dustin Wolf without a rebound.
11:17 of 3rd period - Tim Stutzle wins face-off versus Rickard Rakell in San Jose Sharks zone.
11:34 of 3rd period - Shot by Brock Nelson.
11:34 of 3rd period - Stopped by Dustin Wolf with a rebound.
11:36 of 3rd period - Shot by Cam Fowler.
11:36 of 3rd period - Deflect By Nick Paul.
11:36 of 3rd period - Shot Misses the Net.
12:06 of 3rd period - Shot by Ivan Provorov.
12:06 of 3rd period - Shot Misses the Net.
12:49 of 3rd period - Icing by Jackson LaCombe.
12:50 of 3rd period - Marco Rossi wins face-off versus Connor Zary in Anaheim Ducks zone.
12:51 of 3rd period - Shot by Fabian Zetterlund.
12:51 of 3rd period - Stopped by Frederik Andersen without a rebound.
12:52 of 3rd period - Marco Rossi wins face-off versus Steven Lorentz in Anaheim Ducks zone.
12:55 of 3rd period - Shot by Fabian Zetterlund.
12:55 of 3rd period - Stopped by Frederik Andersen without a rebound.
12:56 of 3rd period - Marco Rossi wins face-off versus Nick Paul in Anaheim Ducks zone.
13:03 of 3rd period - Shot by Kiefer Sherwood.
13:03 of 3rd period - Stopped by Dustin Wolf without a rebound.
13:04 of 3rd period - Connor Zary wins face-off versus Macklin Celebrini in San Jose Sharks zone.
13:11 of 3rd period - Shot by Connor Zary.
13:11 of 3rd period - Stopped by Dustin Wolf without a rebound.
13:12 of 3rd period - Nick Suzuki wins face-off versus Nick Paul in San Jose Sharks zone.
14:14 of 3rd period - Shot by Yegor Sharangovich.
14:14 of 3rd period - Shot Misses the Net.
14:28 of 3rd period - Shot by JJ Peterka.
14:28 of 3rd period - Stopped by Frederik Andersen without a rebound.
14:29 of 3rd period - Marco Rossi wins face-off versus Brock Nelson in Anaheim Ducks zone.
14:54 of 3rd period - Shot by Marco Rossi.
14:54 of 3rd period - Stopped by Frederik Andersen with a rebound.
15:26 of 3rd period - Shot by JJ Peterka.
15:26 of 3rd period - Stopped by Frederik Andersen with a rebound.
15:32 of 3rd period - Shot by Macklin Celebrini.
15:32 of 3rd period - Stopped by Frederik Andersen without a rebound.
15:33 of 3rd period - Evgeni Malkin wins face-off versus J.T. Miller in Anaheim Ducks zone.
15:38 of 3rd period - Shot by Evgeni Malkin.
15:38 of 3rd period - Shot Misses the Net.
15:40 of 3rd period - Shot by Luke Kunin.
15:40 of 3rd period - Stopped by Frederik Andersen without a rebound.
15:41 of 3rd period - Macklin Celebrini wins face-off versus Nick Paul in Anaheim Ducks zone.
15:42 of 3rd period - Shot by JJ Peterka.
15:42 of 3rd period - Stopped by Frederik Andersen without a rebound.
15:43 of 3rd period - Macklin Celebrini wins face-off versus J.T. Miller in Anaheim Ducks zone.
16:12 of 3rd period - Shot by J.T. Miller.
16:12 of 3rd period - Shot Misses the Net.
16:14 of 3rd period - Shot by Olen Zellweger.
16:14 of 3rd period - Stopped by Dustin Wolf without a rebound.
16:15 of 3rd period - Evgeni Malkin wins face-off versus Brock Nelson in San Jose Sharks zone.
16:30 of 3rd period - Shot by Evgeni Malkin.
16:30 of 3rd period - Stopped by Frederik Andersen with a rebound.
16:32 of 3rd period - Shot by Collin Graf.
16:32 of 3rd period - Deflect By Evgeni Malkin.
16:32 of 3rd period - Stopped by Frederik Andersen with a rebound.
16:38 of 3rd period - Shot by Evgeni Malkin.
16:38 of 3rd period - Shot Misses the Net.
16:40 of 3rd period - Shot by Collin Graf.
16:40 of 3rd period - Shot Misses the Net.
17:08 of 3rd period - Timo Meier is hit by Jake Middleton and loses puck.
17:13 of 3rd period - Shot by Nick Suzuki.
17:13 of 3rd period - Stopped by Frederik Andersen with a rebound.
17:22 of 3rd period - Icing by Cam Fowler.
17:23 of 3rd period - Nick Paul wins face-off versus Macklin Celebrini in Anaheim Ducks zone.
17:36 of 3rd period - Shot by Kiefer Sherwood.
17:36 of 3rd period - Stopped by Dustin Wolf without a rebound.
17:37 of 3rd period - J.T. Miller wins face-off versus Marco Rossi in San Jose Sharks zone.
17:56 of 3rd period - Shot by Yegor Sharangovich.
17:56 of 3rd period - Stopped by Dustin Wolf without a rebound.
17:57 of 3rd period - Macklin Celebrini wins face-off versus Brock Nelson in San Jose Sharks zone.
18:39 of 3rd period - Lane Hutson is hit by Rickard Rakell and loses puck.
19:05 of 3rd period - Drake Batherson is hit by Lane Hutson and loses puck.
19:29 of 3rd period - Off-side.
19:30 of 3rd period - Nick Suzuki wins face-off versus J.T. Miller in neutral zone.
19:40 of 3rd period - Shot by Chandler Stephenson.
19:40 of 3rd period - Stopped by Dustin Wolf without a rebound.
19:41 of 3rd period - Nick Suzuki wins face-off versus J.T. Miller in San Jose Sharks zone.
19:41 of 3rd period - Nick Suzuki is hit by J.T. Miller.
19:49 of 3rd period - San Jose Sharks, Dustin Wolf is pulled from the net.
Goals for this period are 1 for Anaheim Ducks vs 1 for San Jose Sharks.
Shots for this period are 18 for Anaheim Ducks vs 14 for San Jose Sharks.
Back to the Top